 Dungeon Crawl Stone Soup version 0.29-a0-962-gc8bbfd0a37 (webtiles) character file.

Game seed: 6297718276470877115

3 jlumianski the Trooper (level 1, 0/18 HPs)
             Began as a Demonspawn Fighter on July 30, 2022.
             Slain by a jackal (3 damage)
             ... on level 1 of the Dungeon.
             The game lasted 00:00:46 (98 turns).

jlumianski the Trooper (Demonspawn Fighter)           Turns: 98, Time: 00:00:47

Health: 0/18       AC:  6    Str: 16    XL:     1   Next: 41%
Magic:  1/1        EV:  8    Int:  9    God:
Gold:   5          SH:  4    Dex: 12    Spells: 0/0 levels left

rFire   . . .      SeeInvis .   a - +0 war axe
rCold   . . .      Faith    .   c - +0 buckler
rNeg    . . .      Spirit   .   b - +0 scale mail
rPois   .          Reflect  .   (no helmet)
rElec   .          Harm     .   (no cloak)
rCorr   .          Rampage  .   (no gloves)
Will    .....                   (no boots)
Stlth   ..........              (no amulet)
HPRegen 0.06/turn               (no ring)
MPRegen 0.07/turn               (no ring)

@: no status effects
A: no striking features
a: no special abilities


You were on level 1 of the Dungeon.
You visited 1 branch of the dungeon, and saw 1 of its levels.

You collected 5 gold pieces.

Inventory:

Hand Weapons
 a - a +0 war axe (weapon)
Armour
 b - a +0 scale mail (worn)
 c - a +0 buckler (worn)
Scrolls
 f - a scroll of brand weapon {unknown}
Potions
 d - a potion of might
 e - a potion of haste {unknown}
 g - 2 potions of magic {unknown}


   Skills:
 + Level 3.1 Fighting
 + Level 1.7 Axes
 + Level 2.8 Armour
 + Level 2.6 Shields


You couldn't memorise any spells.
You didn't know any spells.
Your spell library was empty.

Dungeon Overview and Level Annotations

Branches:
Dungeon (1/15)

Altars:


Message History

* * * LOW HITPOINT WARNING * * *
You hit the kobold but do no damage.
The kobold is moderately wounded.
The kobold closely misses you.
You closely miss the kobold.
The kobold is moderately wounded.
The kobold hits you but does no damage. x2
You barely miss the kobold.
The kobold is moderately wounded.
You block the kobold's attack.
You barely miss the kobold.
The kobold is moderately wounded.
The kobold closely misses you.
The kobold hits you with a +0 short sword.
* * * LOW HITPOINT WARNING * * *
You hit the kobold.
You kill the kobold!
A frilled lizard comes into view.
The frilled lizard hisses angrily.
You see here 2 glowing green potions.
g - 2 glowing green potions
Things that are here:
a +0 short sword; 2 stones A jackal and a frilled lizard come into view.
The jackal barks!
The frilled lizard hisses angrily.
You hear a bark!
A jackal comes into view. 2 jackals come into view.
The jackal barks! x2
An endoplasm comes into view.
The jackal attacks as you move away! The jackal bites you.
* * * LOW HITPOINT WARNING * * *
A bat comes into view.
The jackal bites you but does no damage.
The jackal attacks as you move away!
The jackal bites you but does no damage.
You block the jackal's attack. The jackal attacks as you move away!
The jackal bites you but does no damage. x2
The jackal attacks as you move away! The jackal bites you.
You die...

#.......##........##.
#...........# #.. ...
#...###.###.###.##.#
#...# #..##..##...(#
##.## ##..........#
#.# #..>.......# ##.#
#.....)....#
#..#####..........#
#.#.#.#.#.#@#.#...#
#..#.#.#.#.#h#....#
#.#.#.≈≈≈≈≈.#.#.###
#..#.#≈...≈#.#...#
#.#.#.≈...≈.#.#..###
#..#.#≈.<)≈#.#.....
#.#.#.≈≈≈≈≈.#l#..###
#..#.#.#.#.#.#b..#
#.#.#.#.#.#.#h#..#...


You could see a jackal.

Vanquished Creatures
  A kobold (D:1)
  2 bats (D:1)
3 creatures vanquished.

Notes
Turn   | Place    | Note
-------+----------+-------------------------------------------
     0 | D:1      | jlumianski the Demonspawn Fighter began the quest for the
                  | Orb.
     0 | D:1      | Reached XP level 1. HP: 18/18 MP: 1/1
    98 | D:1      | Slain by a jackal

Illustrated notes

Levels and vault maps discovered:
D:1:      ncdulo_watergridlock, layout_rooms

Action                   || total
-------------------------++-------
Melee: War axe           ||    22
Armor: Scale mail        ||    19
Dodge: Dodged            ||     9
Block: Buckler           ||     6

Table legend: (Time is in decaauts)
 A = Elapsed time spent in this place.
 B = Non-inter-level travel time spent in this place.
 C = Inter-level travel time spent in this place.
 D = Time resting spent in this place.
 E = Time spent auto-exploring this place.
 F = Levels seen in this place.
 G = Mean time per level.
                   A        B        C        D        E       F      G
               +--------+--------+--------+--------+--------+-----+--------+
         Total |    108 |    108 |      0 |      0 |     24 |   1 |  108.0 |
       Dungeon |    108 |    108 |      0 |      0 |     24 |   1 |  108.0 |
               +--------+--------+--------+--------+--------+-----+--------+

Top non-repeatable levels by time:
     D:1: 108 daAuts
